 Dungeon Crawl Stone Soup version 0.27-a0-1557-g57f10a385c (webtiles) character file.

Game seed: 12492235279059948655

114 kr4n3x the Digger (level 4, -2/24 HPs)
             Began as a Gargoyle Earth Elementalist on July 15, 2021.
             Slain by a quokka (4 damage)
             ... on level 2 of the Dungeon.
             The game lasted 00:04:34 (2722 turns).

kr4n3x the Digger (Gargoyle Earth Elementalist)     Turns: 2722, Time: 00:04:35

Health: -2/24      AC:  7    Str: 18    XL:     4   Next: 97%
Magic:  7/7        EV: 11    Int: 16    God:
Gold:   35         SH:  0    Dex: 10    Spells: 3/7 levels left

rFire    . . .     SeeInvis .   j - +0 dagger
rCold    . . .     Faith    .   (no shield)
rNeg     + . .     Spirit   .   b - +0 robe
rPois    ∞         Reflect  .   a - +1 helmet
rElec    +         Harm     .   (no cloak)
rCorr    .         Rampage  .   (no gloves)
Will     .....                  (no boots)
Stlth    ++........             (no amulet)
HPRegen  0.08/turn              S - +6 ring of strength
MPRegen  0.10/turn              (no ring)

@: about to teleport
A: sickness immunity, AC +3, negative energy resistance 1, electricity
resistance, torment resistance 1, petrification resistance
a: no special abilities


You were on level 2 of the Dungeon.
You visited 1 branch of the dungeon, and saw 2 of its levels.

You collected 35 gold pieces.


Innate Abilities, Weirdness & Mutations

You are immune to sickness and miasma.
Your stone body is resilient. (AC +3)
You are immune to poison.
You resist negative energy. (rN+)
You are resistant to electric shocks. (rElec)
You are resistant to unholy torment.
You are immune to petrification.


   Skills:
 - Level 1.5 Dodging
 - Level 2.1 Stealth
 - Level 2.0 Spellcasting
 - Level 0.7 Transmutations
 + Level 6.6 Earth Magic


You had 3 spell levels left.
You knew the following spells:

 Your Spells              Type           Power      Damage    Failure   Level
w - Stone Arrow           Conj/Erth      24%        3d8       16%         3
z - Sandblast             Erth           44%        2d11      1%          1

Your spell library contained the following spells:

 Spells                   Type           Power      Damage    Failure   Level
 Passwall                 Tmut/Erth      10%        N/A       7%          2
 Corona                   Hex            1%         N/A       21%         1
 Ensorcelled Hibernation  Hex/Ice        2%         N/A       30%         2
 Tukima's Dance           Hex            1%         N/A       52%         3
 Petrify                  Tmut/Erth      13%        N/A       41%         4

Inventory:

Hand Weapons
 j - a +0 dagger (weapon)
Armour
 a - a +1 helmet (worn)
 b - a +0 robe (worn)
Jewellery
 S - a +6 ring of strength (left hand)
Scrolls
 e - 2 scrolls of identify {@r1}
 g - a scroll of amnesia {unknown}
Potions
 c - a potion of might {unknown}
 d - a potion of heal wounds {unknown}
 h - a potion of cancellation
 i - a potion of lignification {unknown}
 k - a potion of attraction {unknown}

Dungeon Overview and Level Annotations

Branches:
Dungeon (2/15)

Altars:

######### #.......#
#.#####.##############
#†# #..gr@.........#
#.#
##############.#######
#.# #........ ..# ###
######### ... ..# ...#
#.# .#.# #.# ##########
###.####.#####........#
....>.........######.#
#####


You could see a quokka and a hobgoblin.


Message History

The quokka bites you.
* * * LOW HITPOINT WARNING * * *
Unknown command.
You hit the quokka but do no damage.
The quokka is heavily wounded.
The quokka bites you but does no damage.
You closely miss the quokka.
The quokka is moderately wounded.
The quokka bites you but does no damage.
The quokka bites you.
* * * LOW HITPOINT WARNING * * *
Unknown command.
The quokka bites you.
* * * LOW HITPOINT WARNING * * *
You closely miss the quokka.
The quokka is moderately wounded.
The quokka bites you but does no damage.
Okay, then.
As you read the scroll labelled UROMOO PEPO, it crumbles to dust.
It is a scroll of identify.
h - a potion of cancellation The quokka bites you but does no damage.
As you read the scroll labelled IKYCEE ROEZEIVU, it crumbles to dust.
It is a scroll of enchant armour.
Your +0 helmet glows green for a moment.
The quokka closely misses you.
As you read the scroll labelled PIZOUH HOGOUBIC, it crumbles to dust.
You feel strangely unstable.
It was a scroll of teleportation.
The quokka closely misses you. The quokka bites you.
You die...

Skill      XL: |  1  2  3 |
---------------+----------+-----
Earth Magic    | 4 5 6 |  6.6
Dodging        | |  1.5
Stealth        | |  2.1
Spellcasting   | |  2.0
Transmutations | |  0.7

Action                   |  1- 3 |  4- 6 || total
-------------------------+-------+-------++-------
Melee: Unarmed           |    86 |       ||    86
       Club              |    40 |       ||    40
       Dagger            |    50 |    51 ||   101
 Cast: Sandblast         |    27 |     3 ||    30
  Use: Scroll            |       |     3 ||     3
 Stab: Sleeping          |     4 |     1 ||     5
Armor: Robe              |    79 |    19 ||    98
Dodge: Dodged            |   122 |    17 ||   139

Levels and vault maps discovered:
D:1:      dpeg_arrival_caged_fury, layout_loops_ring, hangedman_decor_growths
D:2:      layout_loops_ring, kennysheep_generic_room_16

Notes
Turn   | Place    | Note
-------+----------+-------------------------------------------
     0 | D:1      | kr4n3x the Gargoyle Earth Elementalist began the quest for
                  | the Orb.
     0 | D:1      | Reached XP level 1. HP: 10/10 MP: 3/3
     1 | D:1      | Found a runed translucent door.
   198 | D:1      | Reached skill level 4 in Earth Magic
   248 | D:1      | Reached XP level 2. HP: 15/15 MP: 1/5
   974 | D:1      | Reached skill level 5 in Earth Magic
   974 | D:1      | Reached XP level 3. HP: 15/19 MP: 6/6
  1870 | D:1      | Reached skill level 6 in Earth Magic
  1870 | D:1      | Reached XP level 4. HP: 22/24 MP: 3/7
  2278 | D:2      | Learned a level 3 spell: Stone Arrow
  2716 | D:2      | HP: 1/24 [quokka (2)]
  2722 | D:2      | Slain by a quokka

Vanquished Creatures
  A jelly (D:1)
  A gnoll (D:1)
  2 worms (D:2)
  4 ball pythons
  4 bats (D:1)
  5 endoplasms (D:1)
  6 giant cockroaches
  2 goblins (D:1)
  6 hobgoblins (D:1)
  3 jackals (D:1)
  A kobold (D:1)
  2 quokkas
  A frilled lizard (D:1)
  8 rats
46 creatures vanquished.

Table legend: (Time is in decaauts)
 A = Elapsed time spent in this place.
 B = Non-inter-level travel time spent in this place.
 C = Inter-level travel time spent in this place.
 D = Time resting spent in this place.
 E = Time spent auto-exploring this place.
 F = Levels seen in this place.
 G = Mean time per level.
                   A        B        C        D        E       F      G
               +--------+--------+--------+--------+--------+-----+--------+
         Total |   2732 |   2726 |      6 |    242 |   1959 |   2 | 1366.0 |
       Dungeon |   2732 |   2726 |      6 |    242 |   1959 |   2 | 1366.0 |
               +--------+--------+--------+--------+--------+-----+--------+

Top non-repeatable levels by time:
     D:1: 2061 daAuts
     D:2: 670 daAuts

Table legend:
 A = Non-vault XP
 B = Vault XP
 C = Vault XP percentage of total XP
 D = Non-vault monster count
 E = Vault monster count
 F = Vault count percentage of total count
                 A         B        C        D         E       F
            +---------+---------+-------+---------+---------+-------
      Total |      68 |      95 |  58.3 |      31 |      15 |  32.6
            +---------+---------+-------+---------+---------+-------
        D:1 |      60 |      88 |  59.5 |      27 |      13 |  32.5
        D:2 |       8 |       7 |  46.7 |       4 |       2 |  33.3
            +---------+---------+-------+---------+---------+-------
